 Dungeon Crawl Stone Soup version 0.19-a0-2013-g488b080 (console) character file.

95 sorlin the Cudgeler (level 4, 0/35 HPs)
             Began as a Formicid Fighter on Jan 16, 2017.
             Slain by a gnoll
             ... wielding a +0 whip
              (3 damage)
             ... on level 2 of the Dungeon.
             The game lasted 00:03:33 (1489 turns).

sorlin the Cudgeler (Formicid Fighter)              Turns: 1489, Time: 00:03:33

Health: 0/35       AC:  6    Str: 21    XL:     4   Next: 97%
Magic:  4/4        EV:  7    Int:  8    God:
Gold:   159        SH:  9    Dex: 10    Spells: 3/3 levels left

rFire  . . .     SeeInvis +     a - +0 flail
rCold  . . .     Faith    .     b - +0 scale mail
rNeg   . . .     Spirit   .     c - +0 shield
rPois  .         Reflect  .     (helmet unavailable)
rElec  .                        (no cloak)
rCorr  .                        (no gloves)
MR     +....                    (no boots)
Stlth  ..........               (no amulet)
                                (no ring)
                                i - ring of protection from magic

@: no status effects
A: permanent stasis, dig shafts and tunnels, four strong arms, antennae 3
a: Dig, Shaft Self


You were on level 2 of the Dungeon.
You were not hungry.

You visited 1 branch of the dungeon, and saw 2 of its levels.

You collected 159 gold pieces.


Innate Abilities, Weirdness & Mutations

You are under a permanent stasis effect.
You can dig through walls and to a lower floor.
Your four strong arms can wield two-handed weapons with a shield.
You have a pair of large antennae on your head. (SInv)


   Skills:
 - Level 3.2 Fighting
 + Level 4.7 Maces & Flails
 - Level 3.2 Armour
 - Level 3.6 Shields


You had 3 spell levels left.
You didn't know any spells.

Inventory:

Hand Weapons
 a - a +0 flail (weapon)
Missiles
 e - 133 sling bullets
Armour
 b - a +0 scale mail (worn)
 c - a +0 shield (worn)
Jewellery
 i - a ring of protection from magic (left hand)
Potions
 d - a potion of might {!q}
 f - a potion of lignification {!q}
 g - a potion of cure mutation {!q}
 h - a potion of resistance {!q}


Message History

You hit the gnoll (4).
The gnoll is moderately wounded.
The gnoll hits you with a +0 club (3).
You take 3 damage.
You sock the gnoll (7)!
The gnoll is severely wounded.
The gnoll hits you with a +0 club (3).
You take 3 damage.
You thump the gnoll (11)!
You kill the gnoll!
You closely miss the gnoll. The gnoll hits you with a +0 whip (2).
You take 2 damage.
You closely miss the gnoll. The gnoll barely misses you. x2
You barely miss the gnoll. The gnoll barely misses you.
You closely miss the gnoll. You block the gnoll's attack.
You hit the gnoll (3).
The gnoll is moderately wounded.
The gnoll barely misses you.
You barely miss the gnoll.
The gnoll is moderately wounded.
You block the gnoll's attack. The gnoll hits you with a +0 whip (5).
You take 5 damage.
You hit the gnoll but do no damage.
The gnoll is lightly wounded.
The gnoll barely misses you.
You hit the gnoll (4).
The gnoll is heavily wounded.
The gnoll hits you but does no damage.
You hit the gnoll (3).
The gnoll is almost dead.
The gnoll hits you with a +0 whip (2). The gnoll hits you with a +0 whip (7)!
* * * LOW HITPOINT WARNING * * *
You take 8 damage.
You are too injured to fight recklessly!
You are too injured to fight recklessly!
You are too injured to fight recklessly!
You closely miss the gnoll.
The gnoll is almost dead.
The gnoll hits you with a +0 whip (3).
* * * LOW HITPOINT WARNING * * *
You take 3 damage.
You closely miss the gnoll.
The gnoll is almost dead.
The gnoll barely misses you.
You closely miss the gnoll.
The gnoll is almost dead.
The gnoll hits you with a +0 whip (9)!
* * * LOW HITPOINT WARNING * * *
The gnoll hits you with a +0 whip (3).
You die...

#.#
#.............
#.#
######.#.####.
#.# #.#.##..†
#.# #...##.#.
#.# ##..##.#.
#.# #..##.#.
#.# #########
#..##.#. #.#
#.....g.g
{....#.#. #)#
#.# #...#.#.
#.# #g#### #.##
#.# #..#@# #.#
#.# #.#g## #.#
#.# #.### #.#
#.# #.# #.#
#########.###.#
..............#
#########.#####
#.# #.# #.#


You could see a gnoll.

Vanquished Creatures
  4 gnolls (D:2)
  A dart slug (D:1)
  5 leopard geckos
  7 bats
  3 giant cockroaches
  6 hobgoblins
  A quokka (D:2)
  A frilled lizard (D:1)
  8 goblins
  5 kobolds
  6 rats
47 creatures vanquished.

Vanquished Creatures (others)
  An adder (D:2)
  A hobgoblin (D:2)
2 creatures vanquished.

Grand Total: 49 creatures vanquished

Notes
Turn   | Place    | Note
-------+----------+-------------------------------------------
     0 | D:1      | sorlin the Formicid Fighter began the quest for the Orb.
     0 | D:1      | Reached XP level 1. HP: 18/18 MP: 1/1
   335 | D:1      | Reached XP level 2. HP: 20/24 MP: 2/2
   416 | D:1      | Reached skill level 3 in Maces & Flails
   462 | D:1      | Reached XP level 3. HP: 21/29 MP: 3/3
   999 | D:2      | Reached skill level 4 in Maces & Flails
   999 | D:2      | Reached XP level 4. HP: 30/35 MP: 4/4
  1489 | D:2      | HP: 3/35 [gnoll/+0 whip (9)]
  1489 | D:2      | Slain by a gnoll

Vault maps used:
D:1:      lightli_arrival_flooded_house, minmay_tetromino_i4
D:2:      grunt_temple_overflow_open, fiery_altar_vehumet

Action                   |  1- 3 |  4- 6 || total
-------------------------+-------+-------++-------
Melee: Flail             |    93 |    50 ||   143
 Abil: Dig               |     2 |     2 ||     4
Armor: Scale mail        |    45 |    16 ||    61
Dodge: Dodged            |    28 |    14 ||    42
Block: Shield            |    43 |    20 ||    63
